 Dungeon Crawl Stone Soup version 0.31-a0-1522-g43313d8a59 (webtiles) character file.

Game seed: 6297931179776495730

146564 avis the Spry (level 16, 0/102 HPs)
             Began as a Felid Shapeshifter on Dec 26, 2023.
             Was an Initiate of Gozag.
             Slain by a salamander
             ... wielding a +0 spear
              (6 damage)
             ... on level 2 of the Snake Pit on Dec 31, 2023.
             The game lasted 04:40:29 (37206 turns).

avis the Spry (Felid Shapeshifter)                 Turns: 37206, Time: 04:40:30

Health: 0/102      AC: 20    Str: 15    XL:     16   Next: 89%
Magic:  13/34      EV: 23    Int: 18    God:    Gozag
Gold:   1728       SH:  0    Dex: 22    Spells: 0/42 levels left
                                        Lives:  0   Deaths: 6

rFire   + .          .
                       - Unarmed
rCold   . . .        (shield unavailable)
rNeg    . . .        (body armour unavailable)
rPois   +            (helmet unavailable)
rElec   +            (cloak unavailable)
rCorr   .            (gloves unavailable)
SInv    +            (boots unavailable)
Will    ++...        I - amulet of Ycitz {rF+ Regen+}
Stlth   ++           N - +4 ring of protection
HPRegen 1.17/turn    w - ring of wizardry
MPRegen 0.24/turn

%: wizardry (x1)
@: ice-armoured, snake-form, on blink cooldown
A: constrict, boosted hp, large, (claws 1), (fangs 3), see invisible, (shaggy
fur 3), (stealthy paws), no weapons or thrown items, no armour, multi-lived
a: Begin Untransformation, Renounce Religion, Potion Petition, Call Merchant,
Bribe Branch


You were on level 2 of the Snake Pit.
You worshipped Gozag.
Gozag was most pleased with you.
You were an enormous serpent.
You visited 6 branches of the dungeon, and saw 22 of its levels.
You also visited: Sewer.

You collected 7400 gold pieces.
You spent 4278 gold pieces at shops.
You paid 1394 gold pieces to Gozag.

Inventory:

Jewellery
 m - a ring of ice
 o - a ring of resist corrosion
 v - a ring of protection from fire
 w - a ring of wizardry (right hand)
 I - the amulet of Ycitz (around neck) {rF+ Regen+}
   (You acquired it on level 5 of the Lair of Beasts)

   [amulet of regeneration]

   rF+:       It protects you from fire.
   Regen+:    It increases your rate of health regeneration.
 J - a ring of positive energy
 K - a ring of poison resistance
 N - a +4 ring of protection (left hand)
Talismans
 f - a flux talisman
 h - a serpent talisman
 s - the serpent talisman of Rotation (active) {rElec Dex+2}
   (You took it off Aizul on level 1 of the Snake Pit)

   [serpent talisman]

   Dex+2:     It affects your dexterity (+2).
   rElec:     It insulates you from electricity.
Wands
 c - a wand of roots (4)
 e - a wand of charming (9)
 x - a wand of polymorph (18)
 D - a wand of flame (11)
Scrolls
 b - a scroll of fog
 i - a scroll of revelation
 j - 2 scrolls of poison
 k - a scroll of blinking
 l - 4 scrolls of fear
 t - 4 scrolls of teleportation
 O - a scroll of silence
Potions
 a - a potion of cancellation
 g - a potion of magic
 n - 6 potions of haste
 q - a potion of attraction
 u - 3 potions of ambrosia
 y - 3 potions of brilliance
 z - 3 potions of berserk rage
 E - 2 potions of might
 F - a potion of resistance
 G - a potion of enlightenment
Miscellaneous
 p - a sack of spiders


   Skills:
 - Level 10.0 Fighting
 - Level 18.0 Dodging
 + Level 7.3 Unarmed Combat
 * Level 13.6 Spellcasting
 - Level 10.0 Hexes
 - Level 10.0 Summonings
 - Level 6.0 Necromancy
 - Level 7.0 Translocations
 - Level 5.0 Ice Magic
 - Level 10.0 Shapeshifting


You couldn't memorise any spells.
You knew the following spells:

 Your Spells              Type           Power      Damage    Failure   Level
b - Blink                 Tloc           74%        N/A       1%          2
f - Fugue of the Fallen   Necr           33%        N/A       1%          3
g - Anguish               Hex/Necr       20%        N/A       1%          4
l - Summon Lightning Spi  Summ/Air       30%        N/A       2%          4
m - Manifold Assault      Tloc           37%        N/A       1%          4
o - Ozocubu's Armour      Ice            30%        N/A       1%          3
u - Dispel Undead         Necr           33%        3d14      1%          4
v - Summon Mana Viper     Hex/Summ       48%        N/A       1%          5
C - Summon Cactus Giant   Summ           24%        N/A       6%          6
M - Monstrous Menagerie   Summ           24%        N/A       30%         7

Your spell library contained the following spells:

 Spells                   Type           Power      Damage    Failure   Level
 Slow                     Hex            100%       N/A       1%          1
 Call Imp                 Summ           96%        N/A       1%          2
 Cigotuvi's Dreadful Rot  Necr/Alch/Air  38%        N/A       1%          2
 Confusing Touch          Hex            48%        N/A       1%          3
 Dazzling Flash           Conj/Hex       60%        N/A       1%          3
 Gell's Gravitas          Tloc           37%        N/A       1%          3
 Sigil of Binding         Hex            48%        N/A       1%          3
 Summon Ice Beast         Ice/Summ       39%        N/A       1%          3
 Teleport Other           Tloc           37%        N/A       1%          3
 Vampiric Draining        Necr           33%        2d8       1%          3
 Cause Fear               Hex            24%        N/A       1%          4
 Magic Dart               Conj           48%        1d5       2%          1
 Sting                    Conj/Alch      48%        1d6       2%          1
 Mercury Vapours          Alch/Air       24%        N/A       3%          2
 Scorch                   Fire           24%        2d6       3%          2
 Searing Ray              Conj           24%        2d5       3%          2
 Static Discharge         Conj/Air       24%        3-4/arc   3%          2
 Curse of Agony           Necr           33%        N/A       5%          5
 Mephitic Cloud           Conj/Alch/Air  12%        N/A       7%          3
 Silence                  Hex/Air        15%        N/A       9%          5
 Dispersal                Tloc           18%        N/A       19%         6
 Airstrike                Air            6%         2d(1-17)  22%         4
 Flame Wave               Conj/Fire      12%        2d6       22%         4
 Fulminant Prism          Conj/Alch      6%         3d6       22%         4
 Ignite Poison            Fire/Alch      12%        N/A       22%         4
 Olgreb's Toxic Radiance  Alch           12%        N/A       22%         4
 Sticky Flame             Fire/Alch      12%        2d5       22%         4
 Death Channel            Necr           16%        N/A       28%         6
 Enfeeble                 Hex            24%        N/A       30%         7
 Malign Gateway           Summ/Tloc      21%        N/A       47%         7
 Summon Horrible Things   Summ           24%        N/A       91%         8
 Disjunction              Tloc           18%        N/A       100%        8
 Ignition                 Fire           6%         3d4       100%        8


Dungeon Overview and Level Annotations

Branches:
Dungeon (11/15)            Temple (1/1) D:7            Lair (5/5) D:8
  Swamp (1/4) Lair:2        Snake (2/4) Lair:2        Slime (0/5) Lair:5
    Orc (2/2) D:9             Elf (0/3) Orc:2         Sewer (visited)

Altars:
Ashenzari
Cheibriados
Dithmenos
Elyvilon
Fedhas
Gozag
Hepliaklqana
Kikubaaqudgha
Makhleb
Nemelex Xobeh
Okawaru
Qazlal
Ru
Sif Muna
Trog
Uskayaw
Vehumet
Wu Jian
Xom
Yredelemnul
Zin
The Shining One
Jiyva
Lugonu

Shops:
D:4 =   D:10 (   D:11 (=!   Orc:2 *[[!   Lair:1 :   Lair:5 ?   Snake:1 (

Portals:
Abyss: Lair:5

Annotations:
D:2 1 runed translucent door, exclusion: door, Crazy Yiuf
Lair:5 1 runed translucent door, DApurpleWHUMPUS's ghost, journeyman DrSh


Innate Abilities, Weirdness & Mutations

You are an enormous serpent.
You have a powerful constriction melee attack.
Your maximum health is increased.
((You have sharp claws.))
((You have razor-sharp teeth.))
You have supernaturally acute eyesight. (SInv)
((Your thick and shaggy fur keeps you warm. (AC +3, rC+)))
((Your paws help you pounce on unaware monsters.))
You are incapable of wielding weapons or throwing items.
You cannot wear armour.
You gain extra lives every three experience levels.


Message History

Your icy armour melts away.
You resist. The salamander closely misses you.
The salamander mystic gestures at you while chanting.
The lance of force hits you!!
You are knocked back by the lance of force.
You slam into the rock wall!
You lash the salamander mystic!
The salamander mystic is almost dead.
You constrict the salamander.
The salamander hits you but does no damage.
The salamander barely misses you. The salamander mystic misses you.
The salamander hits you from afar with a +3 spear!
* * * LOW HITPOINT WARNING * * *
You are engulfed in flames.
You resist.
* * * LOW HITPOINT WARNING * * *
The salamander mystic points at you and mumbles some strange words.
The bolt of magma hits you! You partially resist.
* * * LOW HITPOINT WARNING * * *
You completely miss the salamander mystic.
The salamander mystic is almost dead.
You constrict the salamander. The salamander completely misses you.
The salamander barely misses you.
The salamander mystic gestures at you while chanting.
The lance of force misses you.
Casting: Ozocubu's Armour (safe; 1% risk of failure)
Confirm with . or Enter, or press ? or * to list all spells.
You blink.
You lose your grip on the salamander.
The salamander mystic's magic is no longer disrupted.
Casting: Blink (safe; 1% risk of failure)
Confirm with . or Enter, or press ? or * to list all spells.
The salamander mystic casts a spell at the salamander mystic.
The salamander mystic seems to speed up.
Casting: Summon Cactus Giant (dangerous; 6% risk of failure)
Confirm with . or Enter, or press ? or * to list all spells.
A film of ice covers your body! The salamander misses you.
The salamander hits you from afar with a +0 spear!
* * * LOW HITPOINT WARNING * * *
You are engulfed in flames.
You resist.
You die...
Your body crumbles into a pile of gold.

'## #.^# ##...## [.###..#
#+++# ...##..####...##
...+...........#############
...+........................#
...+....###............####.#
...###.## ####)..............
...# #.# ##..###.........
...# #.# #CS# #...####.# #+##
#.# #..###'''## ..# #.#
#.N##.)...## ..+ #..##......+
..+ #.N##......# ..+
.#.####NN##.....(# ..#
..........'......# ..#
##≈≈.N##.##......# ..# §≈≈..
#.##......#


You could see 2 salamander mystics, 2 salamanders and a friendly cactus giant
(summoned).

Vanquished Creatures
  Aizul (Snake:1)
  2 ogre magi (Orc:2)
  A hydra (Lair:3)
  4 anacondas
  2 boulder beetles
  2 alligators
  A catoblepas (Lair:1)
  2 two-headed ogres
  A naga warrior (Snake:1)
  6 death yaks
  An orc high priest (Orc:2)
  3 thrashing horrors (Lair:5)
  A goliath frog (Lair:1)
  A spriggan druid (Swamp:1)
  A large abomination (Lair:5)
  A harpy (D:8)
  4 orc knights
  3 deep elf zephyrmancers (Orc:1)
  2 mana vipers (Snake:1)
  An orc sorcerer (Orc:1)
  2 will-o-the-wisps
  2 cyclopes
  A salamander (Lair:2)
  8 ugly things
  2 manticores (D:11)
  9 elephants
  A smoke demon (Lair:5)
  4 kobold blastminers
  2 torpor snails
  10 black mambas
  7 cane toads
  3 unseen horrors
  2 rime drakes
  An efreet (D:8)
  5 komodo dragons
  A yaktaur (shapeshifter) (Lair:5)
  7 trolls
  7 blink frogs
  A hornet (Lair:1)
  Grinder (D:4)
  5 dream sheep
  A raiju (Lair:5)
  2 shadows
  A wraith (D:9)
  2 spriggans
  37 yaks
  A yak (shapeshifter) (Lair:5)
  9 basilisks
  5 wyverns
  2 steam dragons
  2 chaos spawn (Lair:5)
  Menkaure (D:6)
  2 wargs (Orc:1)
  3 nagas (Lair:2)
  4 vampire mosquitoes (Swamp:1)
  11 water moccasins
  Duvessa (D:4)
  15 orc warriors
  A swamp drake (D:9)
  A black bear (Lair:1)
  An ice beast (D:6)
  A sky beast (D:6)
  5 wolves
  5 ogres
  5 centaurs
  3 phantoms
  2 kobold brigands
  Blork the orc (D:6)
  17 bullfrogs
  2 nameless horrors
  2 scorpions
  5 small abominations (Lair:5)
  3 wights (D:6)
  Dowan (D:4)
  27 killer bees
  5 howler monkeys
  A bombardier beetle (D:5)
  A hound (D:4)
  6 orc priests
  A sleepcap (D:5)
  2 iguanas (D:6)
  10 orc wizards
  2 hell rats (Lair:5)
  3 gnolls (D:4)
  7 adders
  2 ufetubi (D:5)
  4 ribbon worms
  2 dart slugs
  55 orcs
  14 endoplasms
  10 giant cockroaches
  14 hobgoblins
  3 jackals
  16 quokkas
  17 ball pythons
  8 bats
  16 frilled lizards
  10 goblins
  12 kobolds
  6 rats
529 creatures vanquished.

Vanquished Creatures (collateral kills)
  Frances (Snake:1)
  A nagaraja (Snake:2)
  Erolcha (Orc:2)
  A hydra (Lair:2)
  A ghost crab (Swamp:1)
  A catoblepas (Lair:4)
  3 naga warriors
  2 death yaks
  A thrashing horror (Lair:5)
  2 orc high priests (Orc:2)
  3 naga sharpshooters
  3 shock serpents
  A goliath frog (Swamp:1)
  A skyshark (Lair:4)
  A spriggan druid (Swamp:1)
  2 naga ritualists
  A mana viper (Snake:1)
  5 deep elf pyromancers (Orc:1)
  2 deep elf zephyrmancers
  2 orc sorcerers
  An orc knight (Orc:1)
  7 ugly things
  4 salamanders
  8 black mambas
  7 elephants
  6 naga magi
  3 cane toads
  A torpor snail (Lair:4)
  A komodo dragon (Lair:5)
  A troll (D:9)
  A queen bee (shapeshifter) (Lair:5)
  A wind drake (shapeshifter) (Lair:5)
  11 blink frogs
  4 hornets (Swamp:1)
  9 dream sheep
  A ynoxinul (Lair:5)
  10 yaks
  6 spriggans (Swamp:1)
  A steam dragon (Lair:3)
  4 vampire mosquitoes (Swamp:1)
  2 basilisks
  4 swamp worms (Swamp:1)
  10 nagas
  2 water moccasins (Lair:5)
  2 swamp drakes
  An ogre (Orc:1)
  3 orc warriors
  4 small abominations (Lair:5)
  4 centaurs (D:10)
  A nameless horror (Orc:2)
  4 orc priests
  6 orc wizards
  4 hell rats (Lair:5)
  6 orcs
175 creatures vanquished.

Vanquished Creatures (others)
  2 anacondas (Snake:2)
  A naga sharpshooter (Snake:2)
  A goliath frog (Swamp:1)
  An orc knight (Orc:2)
  A naga mage (Snake:2)
  Edmund (D:4)
  A naga (Snake:1)
  2 swamp worms (Swamp:1)
  A centaur (D:10)
  An orc priest (Orc:2)
  An orc wizard (Orc:2)
  An adder (D:6)
  An orc (Orc:2)
  23 foxfires
38 creatures vanquished.

Grand Total: 742 creatures vanquished

Notes
Turn   | Place    | Note
-------+----------+-------------------------------------------
     0 | D:1      | avis the Felid Shapeshifter began the quest for the Orb.
     0 | D:1      | Reached XP level 1. HP: 10/10 MP: 2/2
   243 | D:1      | Reached XP level 2. HP: 14/14 MP: 3/3
   584 | D:1      | Found Umyasehie's Armour Shoppe.
   673 | D:1      | Reached skill level 3 in Dodging
   764 | D:2      | Reached XP level 3. HP: 18/18 MP: 4/4
  1082 | D:2      | Found a runed translucent door.
  1083 | D:2      | Noticed Crazy Yiuf
  1291 | D:2      | Reached XP level 4. HP: 17/23 MP: 5/5
  1291 | D:2      | Gained a life (2 lives remaining)
  1539 | D:2      | Found a faded altar of an unknown god.
  1623 | D:2      | Reached skill level 4 in Dodging
  1807 | D:3      | Found a sparkling altar of Nemelex Xobeh.
  1838 | D:3      | Noticed an ogre
  1869 | D:3      | Killed an ogre
  1870 | D:3      | Reached skill level 6 in Dodging
  1870 | D:3      | Reached XP level 5. HP: 27/27 MP: 6/6
  1938 | D:3      | Identified the +3 dagger of Karma {flame, Stlth+}
  2068 | D:3      | Found a blossoming altar of Fedhas.
  2526 | D:4      | Noticed Duvessa
  2526 | D:4      | Noticed Dowan
  2535 | D:4      | Noticed Edmund
  2536 | D:4      | Killed Duvessa
  2537 | D:4      | Gained mutation: You are covered in thick fur. (AC +2)
                  | [Felid growth]
  2537 | D:4      | Reached XP level 6. HP: 32/32 MP: 7/7
  2550 | D:4      | Killed Edmund
  2555 | D:4      | Killed Dowan
  2556 | D:4      | Reached skill level 5 in Shapeshifting
  2982 | D:4      | Reached XP level 7. HP: 36/36 MP: 8/8
  3070 | D:4      | Found Yfetor Walo's Jewellery Boutique.
  3084 | D:4      | Noticed Grinder
  3114 | D:4      | Killed Grinder
  3650 | D:5      | Entered Level 5 of the Dungeon
  3892 | D:5      | Reached XP level 8. HP: 40/40 MP: 9/9
  4745 | D:6      | Found a glowing drain.
  4759 | Sewer    | Entered a sewer
  5445 | D:6      | Noticed Menkaure
  5449 | D:6      | Killed Menkaure
  5450 | D:6      | Reached skill level 5 in Fighting
  5450 | D:6      | Reached skill level 5 in Unarmed Combat
  5492 | D:6      | Reached skill level 7 in Dodging
  5779 | D:6      | Slain by a wight
  5779 | D:6      | Lost a life (1 life remaining)
  5881 | D:6      | Reached skill level 8 in Dodging
  5907 | D:6      | Noticed Blork the orc
  5919 | D:6      | Killed Blork the orc
  5920 | D:6      | Reached XP level 9. HP: 30/47 MP: 10/10
  5920 | D:6      | Gained a life (2 lives remaining)
  5936 | D:6      | Reached skill level 9 in Dodging
  6153 | D:6      | Noticed Jeremiah
  6154 | D:6      | Jeremiah changed into Jeremiah the rime drake
  6154 | D:6      | Noticed Jeremiah
  6162 | D:6      | Killed Jeremiah the rime drake
  6163 | D:6      | Reached skill level 10 in Dodging
  6344 | D:6      | Slain by a wight
  6344 | D:6      | Lost a life (1 life remaining)
  6345 | D:6      | Upgraded the game from 0.31-a0-1405-g2bb1a01664 to
                  | 0.31-a0-1424-g2add1c7226
  6910 | D:7      | Reached skill level 11 in Dodging
  6925 | D:7      | Noticed a troll
  7080 | D:7      | Killed a troll
  7302 | D:6      | Reached skill level 12 in Dodging
  7335 | D:6      | Upgraded the game from 0.31-a0-1424-g2add1c7226 to
                  | 0.31-a0-1469-gd420192249
  7618 | D:7      | Found a staircase to the Ecumenical Temple.
  7623 | Temple   | Entered the Ecumenical Temple
  7639 | Temple   | Became a worshipper of Gozag Ym Sagoz the Greedy
  7746 | D:7      | Found the +18 Lear's hauberk
  7974 | D:8      | Noticed Joseph
  8166 | D:8      | Joseph changed into Joseph the harpy
  8166 | D:8      | Noticed Joseph
  8175 | D:8      | Killed Joseph the harpy
  8375 | D:8      | Found a staircase to the Lair.
  8375 | D:8      | Noticed a komodo dragon
  8391 | D:8      | Reached XP level 10. HP: 51/51 MP: 11/11
  8391 | D:8      | Gained a life (2 lives remaining)
  8551 | D:8      | Noticed a two-headed ogre
  8567 | D:8      | Killed a two-headed ogre
  9406 | Lair:1   | Entered Level 1 of the Lair of Beasts
  9417 | Lair:1   | Learned a level 4 spell: Dispel Undead
  9472 | D:8      | Reached skill level 1 in Necromancy
  9472 | D:8      | Reached skill level 10 in Shapeshifting
 10161 | Lair:1   | Noticed a cane toad
 10176 | Lair:1   | Killed a cane toad
 10177 | Lair:1   | Reached skill level 13 in Dodging
 10177 | Lair:1   | Reached skill level 5 in Necromancy
 10177 | Lair:1   | Reached XP level 11. HP: 41/55 MP: 12/12
 10261 | Lair:1   | Noticed a catoblepas
 10275 | Lair:1   | Slain by a catoblepas
 10275 | Lair:1   | Lost a life (1 life remaining)
 11059 | D:9      | Reached skill level 14 in Dodging
 11907 | D:9      | Found a staircase to the Orcish Mines.
 12178 | D:10     | Entered Level 10 of the Dungeon
 12178 | D:10     | Found Vuceh's Weapon Shoppe.
 12922 | D:10     | Reached skill level 15 in Dodging
 14024 | D:10     | Upgraded the game from 0.31-a0-1469-gd420192249 to
                  | 0.31-a0-1499-ge0622b2318
 14050 | D:10     | Learned a level 4 spell: Manifold Assault
 14358 | Lair:1   | Reached skill level 1 in Translocations
 15217 | Lair:1   | Killed a catoblepas
 15218 | Lair:1   | Reached skill level 5 in Translocations
 15218 | Lair:1   | Gained mutation: Your thick and shaggy fur keeps you warm.
                  | (AC +3, rC+) [Felid growth]
 15218 | Lair:1   | Reached XP level 12. HP: 13/65 MP: 13/13
 15423 | Lair:1   | Noticed a death yak
 15423 | Lair:1   | Noticed a death yak
 15423 | Lair:1   | Noticed a death yak
 15460 | D:8      | Killed a death yak
 15554 | Lair:1   | Noticed a death yak
 15568 | D:8      | Killed a death yak
 15638 | D:8      | Killed a death yak
 15780 | D:8      | Killed a death yak
 15957 | Lair:1   | You fall into a shaft and drop 1 floor!
 15958 | Lair:2   | Found a staircase to the Swamp.
 16383 | Lair:1   | Bought the Verses on the Boggart for 504 gold pieces
 16383 | Lair:1   | Bought a book of Battle for 364 gold pieces
 16383 | Lair:1   | Bought a book of Minor Magic for 224 gold pieces
 16455 | Lair:1   | Reached skill level 1 in Spellcasting
 16542 | Lair:1   | Learned a level 2 spell: Blink
 16546 | Lair:1   | Learned a level 3 spell: Fugue of the Fallen
 16893 | Lair:2   | Learned a level 3 spell: Ozocubu's Armour
 17182 | Lair:2   | Found a staircase to the Snake Pit.
 17369 | Lair:2   | Reached skill level 10 in Fighting
 17457 | Lair:2   | Reached skill level 5 in Spellcasting
 17464 | Lair:2   | Noticed a six-headed hydra
 17605 | Lair:1   | Learned a level 5 spell: Summon Mana Viper
 17926 | Lair:2   | Reached skill level 1 in Hexes
 17926 | Lair:2   | Reached skill level 1 in Summonings
 17996 | Lair:2   | Noticed a boulder beetle
 18033 | Lair:2   | Killed a boulder beetle
 18501 | Lair:2   | Killed a six-headed hydra
 19254 | Lair:3   | Noticed a six-headed hydra
 19270 | Lair:3   | Killed a six-headed hydra
 19271 | Lair:3   | Reached XP level 13. HP: 40/72 MP: 14/21
 19271 | Lair:3   | Gained a life (2 lives remaining)
 19505 | Lair:3   | Reached skill level 1 in Ice Magic
 19672 | Lair:3   | Reached skill level 5 in Hexes
 19889 | Lair:3   | Reached skill level 5 in Summonings
 20827 | D:11     | Found Aduiq's Weapon Shoppe.
 21657 | D:11     | Found Zeeczu's Distillery.
 21662 | D:11     | Bought a potion of brilliance for 44 gold pieces
 21662 | D:11     | Bought a potion of ambrosia for 88 gold pieces
 21662 | D:11     | Bought a potion of invisibility for 88 gold pieces
 21662 | D:11     | Bought a potion of might for 44 gold pieces
 21662 | D:11     | Bought a potion of curing for 33 gold pieces
 21662 | D:11     | Bought a potion of heal wounds for 55 gold pieces
 21662 | D:11     | Bought a potion of haste for 110 gold pieces
 21662 | D:11     | Bought 2 potions of haste for 220 gold pieces
 21713 | D:11     | Found Hiat's Jewellery Shoppe.
 21822 | D:11     | Bought a serpent talisman for 300 gold pieces
 23602 | Lair:5   | Entered Level 5 of the Lair of Beasts
 25249 | Lair:5   | Identified a scroll of acquirement
 25250 | Lair:5   | Upgraded the game from 0.31-a0-1499-ge0622b2318 to
                  | 0.31-a0-1522-g43313d8a59
 25296 | Lair:4   | HP: 1/71 [death yak (19)]
 25370 | Lair:5   | HP: 1/69 [hell rat (7)]
 25846 | Lair:5   | Found a viscous altar of Jiyva.
 25847 | Lair:5   | Found a staircase to the Slime Pits.
 26234 | Lair:5   | Reached skill level 10 in Hexes
 26395 | Lair:5   | Reached XP level 14. HP: 77/77 MP: 15/23
 26436 | Lair:5   | Reached skill level 10 in Summonings
 26613 | Lair:5   | Learned a level 4 spell: Summon Lightning Spire
 26687 | Lair:5   | Found a runed translucent door.
 26691 | Lair:5   | Noticed DApurpleWHUMPUS's ghost (journeyman DrSh)
 26692 | Lair:5   | Found the +8 storm bow {elec, penet}
 26738 | Lair:5   | Acquired the amulet of Ycitz {rF+ Regen+}
 28296 | Lair:5   | Found a corrupted altar of Lugonu.
 28296 | Lair:5   | Found a one-way gate to the infinite horrors of the Abyss.
 28738 | Lair:5   | Bought 2 scrolls of amnesia for 136 gold pieces
 28738 | Lair:5   | Bought a scroll of silence for 161 gold pieces
 28738 | Lair:5   | Bought a scroll of vulnerability for 68 gold pieces
 28738 | Lair:5   | Bought a scroll of fear for 68 gold pieces
 28738 | Lair:5   | Bought a scroll of fear for 68 gold pieces
 28738 | Lair:5   | Bought a scroll of blinking for 127 gold pieces
 28743 | Lair:5   | Learned a level 4 spell: Anguish
 28919 | Orc:1    | Entered Level 1 of the Orcish Mines
 29221 | Orc:1    | Reached skill level 5 in Ice Magic
 29816 | Orc:2    | Entered Level 2 of the Orcish Mines
 31280 | Orc:2    | Noticed Erolcha
 31293 | Orc:2    | Killed Erolcha
 31358 | Orc:2    | Found a staircase to the Elven Halls.
 31722 | Orc:2    | Reached skill level 10 in Spellcasting
 32174 | Orc:2    | Reached XP level 15. HP: 74/80 MP: 19/30
 32486 | Orc:2    | Found Dysk's Armour Boutique.
 32486 | Orc:2    | Found Jiriduj's Assorted Antiques.
 32488 | Orc:2    | Found Vej Kixe's Distillery.
 32488 | Orc:2    | Found Ygraul's Armour Shoppe.
 32506 | Orc:2    | Bought a potion of experience for 700 gold pieces
 32506 | Orc:2    | Bought a potion of heal wounds for 70 gold pieces
 32506 | Orc:2    | Bought a potion of curing for 42 gold pieces
 32506 | Orc:2    | Bought a potion of berserk rage for 70 gold pieces
 32506 | Orc:2    | Bought a potion of might for 56 gold pieces
 32506 | Orc:2    | Bought a potion of ambrosia for 112 gold pieces
 32509 | Orc:2    | Bought a scroll of revelation for 292 gold pieces
 32509 | Orc:2    | Bought a scroll labelled NYFITOERUTEIM for 39 gold pieces
 32509 | Orc:2    | Bought an emerald ring for 195 gold pieces
 32666 | Lair:1   | Learned a level 6 spell: Summon Cactus Giant
 32722 | Swamp:1  | Entered Level 1 of the Swamp
 32904 | Lair:2   | HP: 3/80 [will-o-the-wisp (17)]
 32912 | Lair:2   | Killed from afar by a will-o-the-wisp
 32912 | Lair:2   | Lost a life (1 life remaining)
 32913 | Lair:2   | Reached skill level 17 in Dodging
 32913 | Lair:2   | Reached XP level 16. HP: 85/85 MP: 31/31
 32913 | Lair:2   | Gained a life (2 lives remaining)
 33369 | Swamp:1  | Found a frozen archway.
 33500 | Swamp:1  | HP: 2/85 [acid (7)]
 33505 | Swamp:1  | Mangled by a goliath frog
 33505 | Swamp:1  | Lost a life (1 life remaining)
 33573 | Swamp:1  | HP: 3/83 [something (15)]
 34194 | Swamp:1  | Reached skill level 18 in Dodging
 34721 | Snake:1  | Entered Level 1 of the Snake Pit
 35322 | Snake:1  | Identified the serpent talisman of Rotation {rElec Dex+2}
 35322 | Snake:1  | Noticed Aizul
 35335 | Snake:1  | Killed Aizul
 35519 | Snake:1  | Found Gac Motu's Weapon Shoppe.
 35540 | Snake:1  | Noticed Frances
 35570 | Snake:1  | Killed Frances
 36742 | Snake:2  | HP: 4/102 [constriction (3)]
 36951 | Snake:2  | Shot with an arrow by a naga sharpshooter
 36951 | Snake:2  | Lost a life (0 lives remaining)
 37074 | Snake:2  | Learned a level 7 spell: Monstrous Menagerie
 37206 | Snake:2  | Slain by a salamander

Illustrated notes

Levels and vault maps discovered:
D:1:      dpeg_arrival_snail, layout_basic, serial_shops,
          nicolae_shop_scrapyard, nicolae_kite_square_tiling_tiny, st_stairs_14,
          minmay_hexomino_f4
D:2:      minmay_diamond_boxcup, layout_basic, chequers_ecumenical_altar_grove,
          minmay_misc_feat_pillars, nicolae_figureground_pulse,
          uniq_crazy_yiuf_cottage
D:3:      layout_loops_ring, old_standard_altar, fedhas_ov_isle_minmay,
          minmay_misc_feat_chi, minmay_misc_feat_nine_boxes,
          minmay_misc_feat_enclosed
D:4:      layout_basic, serial_shops, shop, uniq_edmund, uniq_grinder,
          uniq_duvessa
D:5:      layout_loops_ring, kennysheep_small_circle
D:6:      layout_basic, cheibrodos_sewer_entry_sluice, uniq_menkaure,
          uniq_jeremiah, uniq_blork_the_orc
D:7:      layout_basic, temple_doors_e, hellmonk_guarded_unrand_lears
D:8:      kennysheep_big_flooded_room, layout_cave_pods, david_lair_shrubbed,
          uniq_joseph
D:9:      nicolae_hitomezashi [nicolae_hito_row, nicolae_hito_row,
          nicolae_hito_row, nicolae_hito_row, nicolae_hito_row,
          nicolae_hito_row, nicolae_hito_row, nicolae_hito_row,
          nicolae_hito_row, nicolae_hito_row, nicolae_hito_row,
          nicolae_hito_row, nicolae_hito_row, nicolae_hito_row,
          nicolae_hito_row, nicolae_hito_row, nicolae_hito_row,
          nicolae_hito_row], layout_cave_pools, erik_orc_1, serial_park,
          serial_park_tiny_2, roderic_roman_lattice,
          hangedman_decor_diamond_cutter, chequers_garden
D:10:     layout_long_grid, serial_shops, nicolae_shop_bloodbath_and_beyond,
          centaur_isle
D:11:     layout_long_grid, serial_shops, shop_fountains,
          nicolae_shop_pleasant_corner_grove, shop, st_stairs_10
Temple:   nicolae_temple_bog_church
Lair:1:   layout_regular_city, nicolae_volcano_entry_two_sided,
          grunt_megastairs_3, infiniplex_staircase_pool
Lair:2:   layout_cave_shapes, mainiacjoe_swamp_entry_lozenge_pond,
          alex1729_snake_entry_snake, st_stairs_7,
          chequers_serial_rivers_small_a, minmay_shattered_shrine
Lair:3:   layout_roguey
Lair:4:   layout_cave_pods
Lair:5:   hellmonk_lair_end_abyssal_woods, layout_big_grid, slime_entry_1,
          ebering_ghost_inner_flame, minivault_26, serial_bayou_pond_d
Swamp:1:  layout_basic_swamp, portal_ice_cave_entry_ugly_swarm,
          serial_swamp_ruin, evilmike_swamp_ruin_house_2,
          evilmike_swamp_ruin_rubble_2, swamp_pool_4
Snake:1:  layout_onion_interference, statue_in_the_mist_lemuel,
          minmay_shop_star, grunt_megastairs_5, uniq_frances, uniq_aizul
Snake:2:  layout_gridlike, nicolae_snake_salamander_fort
Orc:1:    layout_caves
Orc:2:    grunt_orc_tribal_feast, layout_diamond_mine, basic_altar,
          elves_outpost_lemuel, uniq_erolcha

Skill      XL: |  1  2  3  4  5  6  7  8  9 10 11 12 13 14 15 16 |
---------------+-------------------------------------------------+-----
Shapeshifting  | 3 4 5 7 8 10 | 10.0
Dodging        | 3 6 8 12 13 15 17 18 | 18.0
Fighting       | 2 3 5 8 10 | 10.0
Unarmed Combat | 5 7 |  7.3
Necromancy     | 5 6 |  6.0
Translocations | 5 7 |  7.0
Spellcasting   | 5 10 13 | 13.6
Hexes          | 4 10 | 10.0
Summonings     | 4 9 10 | 10.0
Ice Magic      | 1 5 |  5.0

Action                     |  1- 3 |  4- 6 |  7- 9 | 10-12 | 13-15 | 16-18 || total
---------------------------+-------+-------+-------+-------+-------+-------++-------
  Melee: Unarmed           |   120 |   109 |   453 |   953 |   863 |   176 ||  2674
         Bite              |     9 |     8 |    63 |   138 |   153 |    19 ||   390
         Punch             |     2 |     3 |     1 |       |       |       ||     6
         Constrict         |       |       |       |       |       |    19 ||    19
   Cast: Manifold Assault  |       |       |       |    19 |    31 |       ||    50
         Ozocubu's Armour  |       |       |       |    11 |   111 |    42 ||   164
         Summon Mana Viper |       |       |       |     2 |    95 |    37 ||   134
         Fugue of the Fall |       |       |       |     1 |     6 |     2 ||     9
         Blink             |       |       |       |     1 |     2 |     4 ||     7
         Summon Lightning  |       |       |       |       |    57 |    15 ||    72
         Anguish           |       |       |       |       |     6 |    13 ||    19
         Summon Cactus Gia |       |       |       |       |       |    52 ||    52
 Invoke: Call Merchant     |       |       |       |     1 |     1 |       ||     2
  Evoke: Wand              |       |       |    10 |    27 |     8 |     7 ||    52
         Sack of spiders   |       |       |     1 |     3 |     1 |     1 ||     6
    Use: Scroll            |       |     4 |     4 |     6 |    14 |       ||    28
         Potion            |       |     2 |     4 |     8 |     5 |    10 ||    29
   Stab: Sleeping          |     3 |     1 |       |       |       |       ||     4
         Distracted        |     1 |       |     1 |     1 |    16 |     3 ||    22
 Armour: Skin              |    27 |    39 |   112 |   241 |   231 |   180 ||   830
  Dodge: Dodged            |    77 |    69 |   480 |  1129 |  1177 |   365 ||  3297
  Block: Other             |       |       |    22 |   226 |    83 |       ||   331
         Reflection        |       |       |       |    10 |     3 |       ||    13
   Form: Flux              |       |       |     1 |       |     1 |     1 ||     3
         Serpent           |       |       |       |       |     1 |     2 ||     3

Table legend: (Time is in decaauts)
 A = Elapsed time spent in this place.
 B = Non-inter-level travel time spent in this place.
 C = Inter-level travel time spent in this place.
 D = Time resting spent in this place.
 E = Time spent auto-exploring this place.
 F = Levels seen in this place.
 G = Mean time per level.
                   A        B        C        D        E       F      G
               +--------+--------+--------+--------+--------+-----+--------+
         Total |  37251 |  33600 |   3651 |  11926 |  11169 |  23 | 1619.6 |
       Dungeon |  16332 |  14131 |   2201 |   3978 |   6035 |  11 | 1484.7 |
        Temple |     35 |      3 |     32 |      0 |      0 |   1 |   35.0 |
          Lair |  13378 |  12285 |   1093 |   5330 |   3718 |   5 | 2675.6 |
         Swamp |   1172 |   1122 |     50 |    390 |    288 |   1 | 1172.0 |
     Snake Pit |   2105 |   2052 |     53 |    887 |    302 |   2 | 1052.5 |
  Orcish Mines |   3673 |   3453 |    220 |   1249 |    825 |   2 | 1836.5 |
         Sewer |    553 |    553 |      0 |     91 |      0 |   1 |  553.0 |
               +--------+--------+--------+--------+--------+-----+--------+

Top non-repeatable levels by time:
     D:8: 3911 daAuts
  Lair:5: 3558 daAuts
  Lair:2: 3356 daAuts
  Lair:4: 2700 daAuts
   Orc:1: 2297 daAuts
  Lair:1: 2290 daAuts
    D:10: 2172 daAuts
     D:6: 2156 daAuts
     D:9: 1474 daAuts
  Lair:3: 1472 daAuts
 Snake:1: 1391 daAuts
   Orc:2: 1376 daAuts
 Swamp:1: 1172 daAuts
    D:11: 1096 daAuts
     D:4: 1043 daAuts
